 Dungeon Crawl Stone Soup version 0.30-a0-561-g1b0378597e (webtiles) character file.

Game seed: 11684168925125612492

26 Bnni the Vexing (level 3, 0/26 HPs)
             Began as a Formicid Hexslinger on Dec 28, 2022.
             Slain by a crimson imp (4 damage)
             ... summoned by Natasha
             ... on level 2 of the Dungeon.
             The game lasted 00:01:03 (566 turns).

Bnni the Vexing (Formicid Hexslinger)                Turns: 566, Time: 00:01:04

Health: 0/26       AC:  2    Str: 14    XL:     3   Next: 22%
Magic:  5/5        EV: 12    Int: 14    God:
Gold:   51         SH:  0    Dex: 14    Spells: 0/4 levels left

rFire   . . .      SeeInvis +    a - +1 sling
rCold   . . .      Faith    .    (no shield)
rNeg    . . .      Spirit   .    c - +0 robe
rPois   .          Reflect  .    (helmet unavailable)
rElec   .          Harm     .    (no cloak)
rCorr   .          Rampage  .    (no gloves)
Will    .....                    (no boots)
Stlth   +                        (no amulet)
HPRegen 0.24/turn                (no ring)
MPRegen 0.09/turn                (no ring)

@: no status effects
A: permanent stasis, dig shafts and tunnels, antennae 3, four strong arms
a: Dig, Shaft Self


You were on level 2 of the Dungeon.
You visited 1 branch of the dungeon, and saw 2 of its levels.

You collected 51 gold pieces.

Inventory:

Hand Weapons
 a - a +1 sling (weapon)
Missiles
 i - 5 poisoned darts
Armour
 c - a +0 robe (worn)
Scrolls
 b - a scroll of poison
 d - a scroll of noise {unknown}
 e - 3 scrolls of identify {unknown}
 h - a scroll of enchant weapon {unknown}
Potions
 f - a potion of curing {unknown}
 g - 2 potions of might {unknown}
 j - a potion of haste {unknown}
 k - a potion of degeneration {unknown}
 l - a potion of brilliance {unknown}
 m - a potion of mutation {unknown}
 n - a potion of ambrosia {unknown}


   Skills:
 + Level 1.5 Fighting
 * Level 2.4 Ranged Weapons
 - Level 1.7 Dodging
 + Level 1.3 Spellcasting
 * Level 4.1 Hexes
 + Level 0.7 Fire Magic


You couldn't memorise any spells.
You knew the following spells:

 Your Spells              Type           Power      Damage    Failure   Level
a - Slow                  Hex            48%        N/A       4%          1
b - Inner Flame           Hex/Fire       7%         N/A       28%         3

Your spell library contained the following spells:

 Spells                   Type           Power      Damage    Failure   Level
 Portal Projectile        Hex/Tloc       12%        N/A       32%         3
 Cause Fear               Hex            6%         N/A       43%         4


Dungeon Overview and Level Annotations

Branches:
Dungeon (2/15)

Altars:

Annotations:
D:2 Natasha


Innate Abilities, Weirdness & Mutations

You cannot be hasted, slowed, berserked, paralysed or teleported.
You can dig through walls and to a lower floor.
You have a pair of large antennae on your head. (SInv)
Your four strong arms can wield two-handed weapons with a shield.


Message History

e - 3 scrolls labelled JEGUUL QIVIM (gained 1)
A ball python comes into view.
You shoot a sling bullet. The sling bullet hits the ball python.
You kill the ball python!
You hear an angry hiss.
Found 4 stones.
Natasha, Servant of Life and Death comes into view.
You shoot a sling bullet.
The sling bullet hits Natasha but does no damage.
A bat comes into view.
Natasha wildly gestures.
You feel disoriented.
You shoot a sling bullet. The sling bullet hits Natasha.
Natasha is lightly wounded.
The bat barely misses you. Natasha claws you.
You shoot a sling bullet. The sling bullet hits Natasha.
Natasha is heavily wounded.
The bat closely misses you. Natasha claws you but does no damage.
The bat closely misses you. Natasha claws you.
You shoot a sling bullet. The sling bullet hits Natasha.
Natasha is severely wounded.
The bat barely misses you. Natasha claws you but does no damage.
You shoot a sling bullet. The sling bullet barely misses Natasha.
The bat barely misses you.
Natasha casts a spell.
The bat closely misses you.
You shoot a sling bullet. The sling bullet hits Natasha.
Natasha is almost dead.
The bat barely misses you. The bat hits you. Natasha claws you!
The bat barely misses you.
You are too injured to fight recklessly!
You are too injured to fight recklessly!
You shoot a sling bullet. The sling bullet hits Natasha.
Natasha is almost dead.
The bat hits you but does no damage. Natasha misses you.
The crimson imp barely misses you. Natasha claws you!
* * * LOW HITPOINT WARNING * * *
You shoot a sling bullet. The sling bullet barely misses Natasha.
The bat closely misses you. The crimson imp hits you.
You die...

#.......##.#........
#..#.............###
#...†...##.#........
#...##.###.##.....##
#.#.##.# #.#####..#
..###.#.###........##
...#
##...............
##..
##.############... #.
#@## ###. #...?5.h.(#
#######. #.###b.##.#
........ #..# ..
........ #..# ##
.####### #..# #..#
#...


You could see Natasha, a crimson imp (summoned) and a bat.

Vanquished Creatures
  An adder (D:2)
  2 bats (D:1)
  2 endoplasms
  3 giant cockroaches
  2 hobgoblins (D:2)
  2 ball pythons
  2 frilled lizards (D:1)
  3 rats
17 creatures vanquished.

Notes
Turn   | Place    | Note
-------+----------+-------------------------------------------
     0 | D:1      | Bnni the Formicid Hexslinger began the quest for the Orb.
     0 | D:1      | Reached XP level 1. HP: 15/15 MP: 2/2
   154 | D:1      | Reached XP level 2. HP: 19/21 MP: 3/3
   453 | D:2      | Reached skill level 4 in Hexes
   453 | D:2      | Reached XP level 3. HP: 11/26 MP: 3/5
   478 | D:2      | Learned a level 3 spell: Inner Flame
   558 | D:2      | Noticed Natasha
   566 | D:2      | Slain by a crimson imp

Illustrated notes

Levels and vault maps discovered:
D:1:      roderic_chinese_lattice_arrival, layout_rooms, minmay_misc_feat_tiny
D:2:      layout_loops_ring, due_unseen_surprise, uniq_natasha

Skill      XL: |  1  2 |
---------------+-------+-----
Hexes          | 4 |  4.1
Fighting       | |  1.5
Ranged Weapons | |  2.4
Dodging        | |  1.7
Spellcasting   | |  1.3
Fire Magic     | |  0.7

Action                   || total
-------------------------++-------
 Fire: Sling             ||    70
 Abil: Dig               ||     1
Armor: Robe              ||    12
Dodge: Dodged            ||    29

Table legend: (Time is in decaauts)
 A = Elapsed time spent in this place.
 B = Non-inter-level travel time spent in this place.
 C = Inter-level travel time spent in this place.
 D = Time resting spent in this place.
 E = Time spent auto-exploring this place.
 F = Levels seen in this place.
 G = Mean time per level.
                   A        B        C        D        E       F      G
               +--------+--------+--------+--------+--------+-----+--------+
         Total |    585 |    571 |     14 |     14 |    421 |   2 |  292.5 |
       Dungeon |    585 |    571 |     14 |     14 |    421 |   2 |  292.5 |
               +--------+--------+--------+--------+--------+-----+--------+

Top non-repeatable levels by time:
     D:1: 393 daAuts
     D:2: 192 daAuts
